 Dungeon Crawl Stone Soup version 0.28-a0-1493-g08698888e4 (webtiles) character file.

Game seed: 7459855169461399750

136743 esteth the Geomancer (level 17, -3/100 HPs)
             Began as a Gargoyle Earth Elementalist on Jan 12, 2022.
             Was the Champion of Makhleb.
             Slain by Arachne (5 damage)
             ... on level 4 of the Spider Nest on Jan 13, 2022.
             The game lasted 02:03:52 (44186 turns).

esteth the Geomancer (Gargoyle Earth Elementalist) Turns: 44186, Time: 02:03:53

Health: -3/100     AC: 28    Str: 13      XL:     17   Next: 22%
Magic:  29/29      EV:  6    Int: 29 (32) God:    Makhleb [******]
Gold:   1119       SH:  0    Dex: 10      Spells: 11/32 levels left

rFire   + + +      SeeInvis .   k - staff of earth
rCold   + + .      Faith    .   F - +2 shield of Resistance {rF++ rC++ Will++}
rNeg    + . .      Spirit   .   o - +2 leather armour {Will+}
rPois   ∞          Reflect  +   R - +0 helmet "Utoet" {rF+ Regen+}
rElec   +          Harm     .   r - +2 cloak
rCorr   .          Rampage  .   x - +0 pair of gloves
Will    +++++                   d - +2 pair of boots
Stlth   +.........              l - amulet of reflection
HPRegen 1.06/turn               m - +6 ring of intelligence
MPRegen 0.21/turn               K - ring "Antodabb" {Will+ Int+3 Slay+2}

@: confused, spiked, flying, held, studying Polearms, invisible
A: sickness immunity, AC +12, big wings, negative energy resistance 1,
electricity resistance, torment resistance 1, petrification resistance
a: Renounce Religion, Minor Destruction, Lesser Servant of Makhleb, Major
Destruction, Greater Servant of Makhleb


You were on level 4 of the Spider Nest.
You worshipped Makhleb.
Makhleb was exalted by your worship.
You visited 5 branches of the dungeon, and saw 28 of its levels.
You also visited: Volcano.

You collected 2210 gold pieces.
You spent 1091 gold pieces at shops.

Inventory:

Hand Weapons
 g - a +1 dagger of holy wrath
Missiles
 c - 209 stones
Armour
 d - a +2 pair of boots (worn)
 o - a +2 leather armour of willpower (worn)
 r - a +2 cloak (worn)
 s - a +2 buckler
 x - a +0 pair of gloves (worn)
 F - the +2 shield of Resistance (worn) {rF++ rC++ Will++}
   (You found it on level 6 of the Lair of Beasts)

   rF:        It greatly protects you from fire.
   rC:        It greatly protects you from cold.
   Will:      It greatly increases your willpower.
 R - the +0 helmet "Utoet" (worn) {rF+ Regen+}
   (You acquired it on level 2 of the Orcish Mines)

   rF:        It protects you from fire.
   Regen:     It increases your rate of health regeneration.
 Y - a +2 hat
Magical Staves
 k - a staff of earth (weapon)
 y - a staff of poison
Jewellery
 f - a ring of wizardry
 l - an amulet of reflection (around neck)
 m - a +6 ring of intelligence (left hand)
 v - an amulet of regeneration
 I - a ring of see invisible
 K - the ring "Antodabb" (right hand) {Will+ Int+3 Slay+2}
   (You found it on level 1 of the Lair of Beasts)

   [ring of willpower]

   Int:       It affects your intelligence (+3).
   Slay:      It affects your accuracy & damage with ranged weapons and melee
   (+2).
   Will:      It increases your willpower.
 Q - an amulet of magic regeneration
Wands
 u - a wand of polymorph (10)
 G - a wand of acid (4)
 J - a wand of flame (36)
 O - a wand of paralysis (16)
 S - a wand of digging (1)
 U - a wand of iceblast (3)
 Z - a wand of charming (2)
Scrolls
 b - 7 scrolls of teleportation
 i - 9 scrolls of fog
 j - a scroll of silence
 p - 2 scrolls of holy word
 t - 3 scrolls of magic mapping
 A - 3 scrolls of summoning
 B - 6 scrolls of enchant weapon
 H - 5 scrolls of amnesia
 L - 3 scrolls of enchant armour
 T - a scroll of immolation {unknown}
 W - 3 scrolls of identify
Potions
 a - 3 potions of brilliance
 e - a potion of haste
 w - 4 potions of attraction
 z - 3 potions of lignification
 C - 4 potions of curing
 D - a potion of ambrosia
 E - 2 potions of resistance
 M - a potion of cancellation
 N - 2 potions of mutation {unknown}
 P - a potion of magic {unknown}
 V - a potion of might
Miscellaneous
 h - a phantom mirror
 X - a condenser vane (inert)


   Skills:
 - Level 9.0 Fighting
 - Level 12.0 Staves
 - Level 7.3 Armour
 - Level 6.2 Dodging
 - Level 2.1 Stealth
 + Level 11.3 Shields
 - Level 8.4 Spellcasting
 - Level 8.5 Conjurations
 - Level 0.7 Transmutations
 - Level 11.0 Ice Magic
 - Level 14.0 Earth Magic
 - Level 9.2 Invocations
 - Level 10.0 Evocations


You had 11 spell levels left.
You knew the following spells:

 Your Spells              Type           Power      Damage    Failure   Level
a - Sandblast             Erth           100%       2d20      1%          1
b - Stone Arrow           Conj/Erth      100%       3d13      1%          3
c - Passwall              Tmut/Erth      58%        N/A       1%          2
d - Lehudib's Crystal Sp  Conj/Erth      43%        10d10     100%        8
e - Ozocubu's Refrigerat  Ice            33%        4d11      71%         7

Your spell library contained the following spells:

 Spells                   Type           Power      Damage    Failure   Level
 Foxfire                  Conj/Fire      100%       2x1d9     1%          1
 Ensorcelled Hibernation  Hex/Ice        88%        N/A       1%          2
 Ozocubu's Armour         Ice            66%        N/A       1%          3
 Petrify                  Tmut/Erth      70%        N/A       5%          4
 Conjure Flame            Conj/Fire      37%        6-21      6%          3
 Sting                    Tmut/Pois      56%        1d5       10%         1
 Mephitic Cloud           Conj/Pois/Air  28%        N/A       11%         3
 Poisonous Vapours        Pois/Air       24%        N/A       17%         2
 Flame Wave               Conj/Fire      37%        2d7       21%         4
 Freezing Cloud           Conj/Ice/Air   25%        6-21      22%         5
 Ignite Poison            Fire/Tmut/Pois 13%        N/A       30%         3
 Spider Form              Tmut/Pois      14%        N/A       30%         3
 Metabolic Englaciation   Hex/Ice        22%        N/A       32%         5
 Inner Flame              Hex/Fire       12%        N/A       34%         3
 Swiftness                Air            12%        N/A       34%         3
 Anguish                  Hex/Necr       6%         N/A       75%         4
 Olgreb's Toxic Radiance  Pois           12%        N/A       75%         4
 Passage of Golubria      Tloc           12%        N/A       75%         4
 Simulacrum               Ice/Necr       22%        N/A       88%         6
 Silence                  Hex/Air        6%         N/A       97%         5
 Ignition                 Fire           6%         3d4       100%        8


Dungeon Overview and Level Annotations

Branches:
Dungeon (15/15)            Temple (1/1) D:6            Lair (6/6) D:10
  Snake (0/4) Lair:2       Spider (4/4) Lair:4        Slime (0/5) Lair:5
    Orc (2/2) D:11            Elf (0/3) Orc:2        Vaults (0/5) D:14
 Depths (0/4) D:15        Volcano (visited)

Altars:
Ashenzari
Cheibriados
Dithmenos
Elyvilon
Fedhas
Gozag
Hepliaklqana
Kikubaaqudgha
Makhleb
Nemelex Xobeh
Okawaru
Qazlal
Ru
Sif Muna
Trog
Uskayaw
Vehumet
Wu Jian
Xom
Yredelemnul
Zin
The Shining One
Beogh

Shops:
D:4 *   D:5 *   D:12 (   D:13 *   Orc:2 [?[=

Annotations:
D:4 2 runed translucent doors, ThreePoint314's ghost, amateur DrCj
D:7 1 runed translucent door, Crazy Yiuf
D:8 exclusion: downstairs
D:15 Jorgrun
Lair:1 exclusion: downstairs
Lair:2 Nergalle
Lair:4 exclusion: downstairs
Spider:4 Arachne


Innate Abilities, Weirdness & Mutations

You are immune to sickness and miasma.
Your stone body is resilient. (AC +12)
You are immune to poison.
Your large and strong wings let you fly.
You resist negative energy. (rN+)
You are resistant to electric shocks. (rElec)
You are resistant to unholy torment.
You are immune to petrification.


Message History

The moth of wrath looks as sick as possible!
The jumping spider leaps!
The steelbarb worm is engulfed in poison gas.
The steelbarb worm looks as sick as possible!
The jumping spider leaps!
The orb spider looks as sick as possible!
The wolf spider is engulfed in poison gas.
The wolf spider looks as sick as possible!
You hear an angry hiss.
Okay, then.
You are too confused!
Okay, then.
You fade into invisibility!
You kill the jumping spider!
Makhleb accepts your kill.
You feel better.
You kill the tarantella!
Makhleb accepts your kill.
You feel better.
You kill the wolf spider!
Makhleb accepts your kill.
You feel better.
You kill the tarantella!
Makhleb accepts your kill.
You feel better.
The redback looks as sick as possible!
The redback bites you!!
* * * LOW HITPOINT WARNING * * *
The steelbarb worm looks as sick as possible!
The steelbarb worm hits you!
* * * LOW HITPOINT WARNING * * *
Barbed spikes become lodged in your body.
The redback is engulfed in poison gas.
The redback looks as sick as possible!
The redback bites you but does no damage.
The moth of wrath looks as sick as possible!
The steelbarb worm is engulfed in poison gas.
The steelbarb worm looks as sick as possible!
A jumping spider comes into view.
The orb spider is engulfed in poison gas.
The orb spider looks as sick as possible!
Arachne hits you with a staff of poison.
You die...

##..................
##^†......§§.........
#..○...s.§§§.....^...
#^.....§§w§§...^#####
##....§§.§§§s...##
##...§§§§§y§§§.^##
#...°§§§§§§§§§.##
#..s§§Hs§§§.^.##
#...#§@ws§§..^#
#####§§§§....##
#§§§§°..## #.#.^...#
####.^..# #.#### ###


You could see Arachne, 2 steelbarb worms, a wolf spider (fleeing, extremely
poisoned), a moth of wrath (fleeing, extremely poisoned), an orb spider
(extremely poisoned), 2 jumping spiders and a redback (berserk, extremely
poisoned).

Vanquished Creatures
  An orc warlord (Orc:2)
  4 broodmothers
  An entropy weaver (Lair:4)
  Azrael (D:15)
  A dire elephant (Lair:6)
  A spark wasp (Spider:1)
  Josephine (D:11)
  A fire dragon (shapeshifter) (D:13)
  A fire dragon (D:14)
  A rakshasa (D:14)
  An ice dragon (D:14)
  A vault guard (D:14)
  Fannar (Lair:1)
  An ogre mage (D:13)
  A catoblepas (D:15)
  8 hydras
  3 boulder beetles
  A radroach (Spider:2)
  A merfolk avatar (Lair:6)
  4 centaur warriors
  8 two-headed ogres
  4 orc high priests (Orc:2)
  5 death yaks
  3 tengu warriors
  4 pharaoh ants
  A sun moth (Spider:2)
  6 steelbarb worms
  2 sea snakes (Lair:6)
  7 orb spiders
  2 wizards
  5 orc knights
  A deep elf pyromancer (D:13)
  16 wolf spiders
  15 ugly things
  7 orc sorcerers
  8 cyclopes
  A manticore (Lair:6)
  9 elephants
  2 moths of wrath
  6 black mambas
  4 torpor snails
  A gargoyle (D:13)
  13 cane toads
  4 unseen horrors
  2 efreet
  2 demonic crawlers (Spider:3)
  A kobold demonologist (D:12)
  A rime drake (Lair:5)
  18 komodo dragons
  A tengu conjurer (D:14)
  10 trolls
  4 polar bears (Lair:6)
  10 meliai
  A hornet (Lair:6)
  16 tarantellas
  18 slime creatures
  8 blink frogs
  A blink frog (shapeshifter) (D:14)
  A centaur simulacrum (D:14)
  2 snapping turtles (Lair:6)
  12 culicivoras
  A shadow (D:9)
  26 jumping spiders
  A human (shapeshifter) (D:14)
  5 wyverns
  37 yaks
  A yak (shapeshifter) (D:12)
  9 wraiths
  4 fire elementals
  6 basilisks
  A steam dragon (Lair:6)
  8 vampire mosquitoes
  42 redbacks
  9 wargs
  An acid dragon (D:13)
  7 hell hounds
  19 water moccasins
  2 black bears (D:10)
  36 orc warriors
  A hornet zombie (D:9)
  An ice beast (D:7)
  15 ogres
  27 wolves
  4 boggarts (D:14)
  2 necrophages
  6 centaurs
  A phantom (D:5)
  5 kobold brigands
  14 bullfrogs
  2 scorpions
  2 water moccasin skeletons
  3 wights (D:8)
  A vampire bat (D:5)
  5 howler monkeys
  An electric eel (Lair:4)
  4 centaur zombies
  2 hounds
  A bullfrog zombie (D:6)
  3 jellies
  31 orc priests
  A gnoll shaman (D:6)
  5 iguanas
  15 orc wizards
  A howler monkey zombie (D:10)
  7 gnolls
  8 adders
  2 white imps
  An ufetubus (D:7)
  3 worms
  5 dart slugs
  104 orcs
  10 bats
  A bat skeleton (D:5)
  6 bat zombies (D:5)
  9 endoplasms
  3 giant cockroaches (D:1)
  5 hobgoblins
  3 jackals
  4 quokkas
  9 ball pythons
  4 frilled lizards
  4 goblins
  21 kobolds
  7 rats
861 creatures vanquished.

Vanquished Creatures (collateral kills)
  A ghost moth (Lair:4)
  2 meliai (Spider:1)
  A jumping spider (Spider:1)
  A redback (Spider:1)
5 creatures vanquished.

Vanquished Creatures (others)
  A manticore (Lair:6)
  69 fungi
  88 plants
158 creatures vanquished.

Grand Total: 1024 creatures vanquished

Notes
Turn   | Place    | Note
-------+----------+-------------------------------------------
     0 | D:1      | esteth the Gargoyle Earth Elementalist began the quest for
                  | the Orb.
     0 | D:1      | Reached XP level 1. HP: 10/10 MP: 3/3
   119 | D:1      | Reached XP level 2. HP: 12/16 MP: 3/5
   304 | D:1      | Reached skill level 1 in Armour
   307 | D:1      | Reached skill level 1 in Fighting
   404 | D:1      | Reached skill level 4 in Earth Magic
   673 | D:1      | Found a faded altar of an unknown god.
   821 | D:1      | Reached XP level 3. HP: 20/20 MP: 6/6
  1879 | D:2      | Reached skill level 1 in Staves
  1879 | D:2      | Reached XP level 4. HP: 26/26 MP: 4/7
  2013 | D:2      | Reached skill level 1 in Evocations
  2414 | D:2      | Reached XP level 5. HP: 31/31 MP: 6/8
  2660 | D:3      | Found a basalt altar of Yredelemnul.
  3354 | D:3      | Learned a level 3 spell: Stone Arrow
  3357 | D:3      | Learned a level 2 spell: Passwall
  4222 | D:4      | Found Muecos's Merry Market.
  4235 | D:4      | Reached XP level 6. HP: 37/37 MP: 6/9
  4567 | D:4      | Found a large runed translucent door.
  4567 | D:4      | Found a large runed translucent door.
  4571 | D:4      | Noticed ThreePoint314's ghost (amateur DrCj)
  4711 | D:5      | Entered Level 5 of the Dungeon
  4997 | D:5      | Found Quamy's Overcharged Wands.
  5098 | D:5      | Reached XP level 7. HP: 32/41 MP: 7/10
  5222 | D:5      | Found a glowing silver altar of Zin.
  5222 | D:5      | Noticed an angel
  5231 | D:5      | Found a shimmering altar of Xom.
  5344 | D:5      | Reached skill level 5 in Staves
  5620 | D:5      | Found an ancient bone altar of Kikubaaqudgha.
  6453 | D:6      | Reached XP level 8. HP: 46/46 MP: 0/11
  6736 | D:6      | Found a staircase to the Ecumenical Temple.
  6765 | Temple   | Entered the Ecumenical Temple
  6928 | Temple   | Became a worshipper of Makhleb the Destroyer
  7114 | D:6      | Found a hide-covered altar of Uskayaw.
  7276 | D:6      | Found a snail-covered altar of Cheibriados.
  7277 | D:6      | Found a white marble altar of Elyvilon.
  7278 | D:6      | Found a blossoming altar of Fedhas.
  7835 | D:6      | Killed an unseen horror
  7836 | D:6      | Reached skill level 10 in Staves
  7836 | D:6      | Reached XP level 9. HP: 27/50 MP: 7/12
  8814 | D:7      | Reached * piety under Makhleb
  9069 | D:7      | Found a runed translucent door.
  9070 | D:7      | Noticed Crazy Yiuf
 10689 | D:8      | Reached XP level 10. HP: 58/58 MP: 1/13
 11182 | D:9      | Identified the +8 short sword "Lyass" {flame, Will+}
 11334 | D:9      | Reached skill level 5 in Fighting
 11502 | D:9      | Reached ** piety under Makhleb
 11560 | D:9      | Noticed a two-headed ogre
 11878 | D:8      | Killed a two-headed ogre
 12030 | D:9      | Reached skill level 5 in Evocations
 12178 | D:10     | Entered Level 10 of the Dungeon
 12825 | D:11     | Noticed Josephine
 12830 | D:11     | Reached skill level 5 in Earth Magic
 12841 | D:11     | Killed Josephine
 12842 | D:11     | Reached skill level 6 in Earth Magic
 12842 | D:11     | Reached XP level 11. HP: 46/64 MP: 6/14
 13152 | D:11     | Reached skill level 7 in Earth Magic
 13307 | D:11     | Noticed a two-headed ogre
 13625 | D:10     | Found a staircase to the Lair.
 13863 | Lair:1   | Entered Level 1 of the Lair of Beasts
 13867 | Lair:1   | Identified the ring "Antodabb" {Will+ Int+3 Slay+2}
 14450 | Lair:1   | Reached *** piety under Makhleb
 14451 | Lair:1   | Reached skill level 8 in Earth Magic
 14618 | Lair:1   | Noticed Fannar
 15073 | Lair:1   | Killed Fannar
 15335 | Lair:2   | Noticed a four-headed hydra
 15395 | Lair:2   | Killed a four-headed hydra
 15396 | Lair:2   | Reached skill level 9 in Earth Magic
 15556 | Lair:2   | Found a dark tunnel.
 15561 | Volcano  | Entered a volcano
 15667 | Volcano  | Noticed a deep elf pyromancer
 15674 | Volcano  | Noticed a deep elf pyromancer
 16100 | Lair:1   | Reached skill level 10 in Earth Magic
 16372 | Lair:2   | Noticed Nergalle
 16387 | Lair:1   | Reached XP level 12. HP: 47/70 MP: 6/15
 16634 | Lair:2   | Reached skill level 10 in Evocations
 16750 | Lair:2   | Found a staircase to the Snake Pit.
 16808 | Lair:2   | Reached **** piety under Makhleb
 17397 | Lair:2   | Reached skill level 5 in Armour
 18190 | Lair:3   | Noticed a seven-headed hydra
 18212 | Lair:3   | Killed a seven-headed hydra
 18523 | Lair:3   | Identified the +10 chain mail of Asceticism {Rampage Fly}
 19494 | Lair:4   | Reached skill level 5 in Dodging
 19503 | Lair:4   | Reached XP level 13. HP: 71/80 MP: 12/16
 19624 | Lair:4   | Found a hole to the Spider Nest.
 19899 | Lair:4   | Reached ***** piety under Makhleb
 20272 | Lair:4   | Found a snail-covered altar of Cheibriados.
 20280 | Lair:4   | Reached skill level 1 in Invocations
 21166 | Lair:4   | Reached skill level 11 in Earth Magic
 21518 | Lair:5   | Found a staircase to the Slime Pits.
 22495 | Lair:6   | Entered Level 6 of the Lair of Beasts
 22552 | Lair:6   | Noticed a dire elephant
 22715 | Lair:6   | Reached skill level 5 in Spellcasting
 22841 | Lair:6   | Noticed a dire elephant
 22880 | Lair:6   | Killed a dire elephant
 23223 | Lair:6   | Reached skill level 12 in Earth Magic
 24305 | Lair:6   | Gained mutation: Your large and strong wings let you fly.
                  | [Gargoyle growth]
 24305 | Lair:6   | Reached XP level 14. HP: 86/86 MP: 13/23
 24310 | Lair:6   | Reached skill level 13 in Earth Magic
 24623 | Lair:6   | Found the +2 shield of Resistance {rF++ rC++ Will++}
 24814 | Lair:6   | Reached skill level 1 in Shields
 25040 | Lair:6   | Reached skill level 14 in Earth Magic
 25555 | D:11     | Found a staircase to the Orcish Mines.
 25913 | Orc:1    | Entered Level 1 of the Orcish Mines
 25972 | Orc:2    | Entered Level 2 of the Orcish Mines
 27634 | Orc:1    | Reached skill level 5 in Shields
 28204 | Orc:2    | Found Zoud's Jewellery Emporium.
 28316 | Orc:2    | Found Ykkipy's Antique Armour Shoppe.
 28324 | Orc:2    | Reached skill level 5 in Invocations
 29092 | Orc:2    | Found a staircase to the Elven Halls.
 29166 | Orc:2    | Reached ****** piety under Makhleb
 29756 | Orc:2    | Noticed an orc warlord
 29772 | Orc:2    | Killed an orc warlord
 30018 | Orc:2    | Found Nuuzaded's Magic Scroll Shop.
 30521 | Orc:2    | Found Boebefar's Antique Armour Emporium.
 30594 | Orc:2    | Bought a scroll of acquirement for 520 gold pieces
 30594 | Orc:2    | Acquired the +0 helmet "Utoet" {rF+ Regen+}
 30886 | Orc:2    | Reached XP level 15. HP: 77/88 MP: 6/27
 31371 | D:12     | Found Nifeuset's Antique Weapon Shoppe.
 32146 | D:4      | Bought a book of the Moon for 480 gold pieces
 32155 | D:4      | Learned a level 8 spell: Lehudib's Crystal Spear
 32425 | D:13     | Reached skill level 1 in Conjurations
 32977 | D:13     | Reached skill level 5 in Conjurations
 33612 | D:13     | Found Iveujeecs's General Store.
 33616 | D:13     | Bought a scroll of fear for 49 gold pieces
 33616 | D:13     | Bought a scroll of teleportation for 42 gold pieces
 33724 | D:13     | Found a hazy altar of Hepliaklqana.
 33792 | D:13     | You are sucked into a shaft and drop 1 floor!
 35071 | D:14     | Learned a level 7 spell: Ozocubu's Refrigeration
 35109 | D:14     | Reached skill level 1 in Ice Magic
 36245 | D:14     | Found a gate to the Vaults.
 36569 | D:14     | Reached skill level 5 in Ice Magic
 36780 | D:15     | Entered Level 15 of the Dungeon
 37153 | D:15     | Reached XP level 16. HP: 96/96 MP: 10/28
 37599 | D:15     | Found a staircase to the Depths.
 37654 | D:15     | Noticed Azrael
 37673 | D:15     | Killed Azrael
 37866 | D:15     | Noticed Jorgrun
 38485 | Spider:1 | Entered Level 1 of the Spider Nest
 39379 | Lair:4   | Reached skill level 10 in Ice Magic
 39644 | Spider:1 | Identified the +2 leather armour "Taoril" {rN+ Str+4
                  | Stlth+}
 42950 | Spider:3 | Reached XP level 17. HP: 92/100 MP: 27/29
 43232 | Spider:4 | Entered Level 4 of the Spider Nest
 43282 | Spider:3 | Reached skill level 10 in Shields
 44015 | Spider:4 | Noticed Arachne
 44186 | Spider:4 | HP: 2/100 [steelbarb worm (13)]
 44186 | Spider:4 | Slain by Arachne

Illustrated notes

Levels and vault maps discovered:
D:1:      matt_arrival_grand_opening, layout_loops_ring,
          shapermc_ecumenical_altar_acropolis, kennysheep_pointless_box
D:2:      minmay_chambers_of_ones, layout_basic, serial_forest,
          infiniplex_forest_lined_room_2, infiniplex_forest_lined_corner,
          infiniplex_forest_clump_small, infiniplex_forest_clump_diagonal,
          infiniplex_forest_straight_4, infiniplex_forest_lined_room_2,
          infiniplex_forest_end_2
D:3:      layout_loops_cross, mainiacjoe_overflow_paths, serial_park_tiny_1,
          st_stairs_9, uniq_ijyb
D:4:      layout_loops_ring, ebering_ghost_disaster_area,
          nicolae_alphabet_shops, fountainhead
D:5:      layout_basic, grunt_temple_overflow_order_and_chaos_1,
          kennysheep_vampire_church, abandoned_shop, dk_noncrumbling_4,
          nicolae_shop_overcharged_wands
D:6:      minmay_chambers_of_fours, layout_loops_ring, minitemple,
          minmay_temple_entry_sparse_star, minmay_misc_feat_square,
          minmay_misc_feat_room
D:7:      layout_rooms, grunt_ministairs_4, uniq_crazy_yiuf_cottage
D:8:      layout_gridville
D:9:      layout_rooms, chequers_arboretum, roderic_batcave
D:10:     layout_rooms, grunt_lair_entry_orc_guard_hut
D:11:     layout_roguey, orc_0_dummy, uniq_josephine
D:12:     layout_basic, serial_shops, shop, minmay_misc_feat_nine_boxes
D:13:     kennysheep_windowed_halls, layout_cross, serial_shops, shop,
          minmay_ruined_shrine
D:14:     layout_stronghold, david_vaults_5, minmay_increasing_density
D:15:     grunt_enter_depths_hoard, layout_irregular_city, uniq_jorgrun,
          uniq_azrael
Temple:   eino_narrow_crystal_temple
Lair:1:   layout_cellular_growth, nicolae_quartered_pool_little,
          grunt_megastairs_1, uniq_fannar
Lair:2:   layout_cave_pods, minmay_snake_entry_six_corridors, enter_volcano_4,
          lemuel_fruit_tree, lemuel_fruit_fields, uniq_nergalle
Lair:3:   layout_loops_ring
Lair:4:   layout_regular_city, nicolae_spider_entry_orb_guardian,
          gauntlet_entry_generic, kennysheep_snail_temple, serial_bayou_shore_a
Lair:5:   layout_misc_corridors, slime_dummy
Lair:6:   gammafunk_lair_ancient_temple, layout_long_grid
Spider:1: layout_spider_delve
Spider:2: layout_spider_delve, nicolae_spider_webs_and_nodes
Spider:3: layout_spider_delve
Spider:4: johnstein_spider_rune_arachne_lair
Orc:1:    layout_caves
Orc:2:    pubby_orc_utopia, serial_shops

Skill      XL: |  1  2  3  4  5  6  7  8  9 10 11 12 13 14 15 16 17 |
---------------+----------------------------------------------------+-----
Armour         | 1 2 3 6 7 |  7.3
Fighting       | 1 2 3 4 6 8 9 |  9.0
Earth Magic    | 4 6 10 12 14 | 14.0
Staves         | 1 2 4 7 10 12 | 12.0
Evocations     | 1 2 3 7 9 10 | 10.0
Dodging        | 5 6 |  6.2
Spellcasting   | 6 8 |  8.4
Invocations    | 4 8 9 |  9.2
Shields        | 5 9 11 | 11.3
Conjurations   | 8 |  8.5
Ice Magic      | 6 11 | 11.0
Stealth        | |  2.1
Transmutations | |  0.7

Action                   |  1- 3 |  4- 6 |  7- 9 | 10-12 | 13-15 | 16-18 || total
-------------------------+-------+-------+-------+-------+-------+-------++-------
Melee: Whip              |    73 |       |       |       |       |       ||    73
       Unarmed           |     1 |       |       |       |       |       ||     1
       Punch             |     1 |     2 |       |       |       |       ||     3
       Staff             |    40 |   132 |   440 |   366 |  1145 |   654 ||  2777
 Cast: Sandblast         |    14 |    30 |    94 |   239 |   106 |   146 ||   629
       Stone Arrow       |       |     2 |     6 |    41 |   401 |   173 ||   623
Invok: Lesser Servant of |       |       |       |       |     2 |     3 ||     5
Evoke: Wand              |       |       |       |     1 |     1 |     3 ||     5
       Condenser vane    |       |       |       |       |       |     2 ||     2
  Use: Potion            |       |     4 |     6 |     5 |     5 |    12 ||    32
       Scroll            |       |     3 |    10 |    11 |     9 |     5 ||    38
 Stab: Sleeping          |     3 |     3 |       |       |     1 |     1 ||     8
       Petrifying        |       |       |       |       |     1 |       ||     1
Armor: Robe              |     8 |       |       |       |       |       ||     8
       Leather armour    |    40 |    43 |   185 |   249 |   598 |   646 ||  1761
Dodge: Dodged            |    82 |    56 |   167 |   248 |   485 |   441 ||  1479
Block: Other             |       |    21 |       |       |       |       ||    21
       Reflection        |       |     3 |     8 |       |    32 |    13 ||    56
       Buckler           |       |    12 |   184 |   251 |   104 |       ||   551
       Kite shield       |       |       |       |       |   919 |   902 ||  1821

Table legend: (Time is in decaauts)
 A = Elapsed time spent in this place.
 B = Non-inter-level travel time spent in this place.
 C = Inter-level travel time spent in this place.
 D = Time resting spent in this place.
 E = Time spent auto-exploring this place.
 F = Levels seen in this place.
 G = Mean time per level.
                   A        B        C        D        E       F      G
               +--------+--------+--------+--------+--------+-----+--------+
         Total |  43506 |  41852 |   1654 |  16620 |  17745 |  29 | 1500.2 |
       Dungeon |  21196 |  20195 |   1001 |   6370 |  10424 |  15 | 1413.1 |
        Temple |    178 |    163 |     15 |      0 |    142 |   1 |  178.0 |
          Lair |  12383 |  11954 |    429 |   5897 |   4181 |   6 | 2063.8 |
   Spider Nest |   4538 |   4374 |    164 |   1691 |   1627 |   4 | 1134.5 |
  Orcish Mines |   5080 |   5036 |     44 |   2579 |   1365 |   2 | 2540.0 |
       Volcano |    129 |    129 |      0 |     82 |      6 |   1 |  129.0 |
               +--------+--------+--------+--------+--------+-----+--------+

Top non-repeatable levels by time:
   Orc:2: 4450 daAuts
  Lair:4: 3080 daAuts
    D:14: 2487 daAuts
     D:6: 2313 daAuts
  Lair:6: 2233 daAuts
  Lair:1: 1906 daAuts
     D:8: 1883 daAuts
  Lair:2: 1792 daAuts
  Lair:3: 1718 daAuts
Spider:2: 1665 daAuts
    D:12: 1655 daAuts
  Lair:5: 1652 daAuts
Spider:3: 1521 daAuts
     D:2: 1456 daAuts
    D:13: 1393 daAuts
